 Dungeon Crawl Stone Soup version 0.29.0-4-gdea44cf6ec (webtiles) character file.

Game seed: 14488571779608729366

1505 qw the Cleaver (level 9, 75/75 HPs)
             Began as a Formicid Cinder Acolyte on Sept 3, 2022.
             Was a Believer of Ignis.
             Quit the game on level 5 of the Dungeon.
             The game lasted 00:12:40 (8061 turns).

qw the Cleaver (Formicid Cinder Acolyte)            Turns: 8061, Time: 00:12:41

Health: 75/75      AC:  9    Str: 23    XL:     9   Next: 8%
Magic:  10/10      EV:  7    Int: 14    God:    Ignis [**....]
Gold:   370        SH:  3    Dex:  9    Spells: 10/10 levels left

rFire   + . .      SeeInvis +   Y - +0 war axe
rCold   . . .      Faith    .   k - +0 buckler
rNeg    . . .      Spirit   .   n - +0 chain mail
rPois   .          Reflect  .   (helmet unavailable)
rElec   .          Harm     .   (no cloak)
rCorr   .          Rampage  .   (no gloves)
Will    .....                   i - +0 pair of boots
Stlth   ..........              (no amulet)
HPRegen 0.22/turn               (no ring)
MPRegen 0.12/turn               (no ring)

@: no status effects
A: permanent stasis, dig shafts and tunnels, antennae 3, four strong arms, fangs
1, talons 1, robust 1
a: Dig, Shaft Self, Renounce Religion, Fiery Armour, Foxfire Swarm, Rising Flame


You were on level 5 of the Dungeon.
You worshipped Ignis.
Ignis was pleased with you.
You visited 1 branch of the dungeon, and saw 5 of its levels.

You collected 370 gold pieces.


Innate Abilities, Weirdness & Mutations

You cannot be hasted, slowed, berserked, paralysed or teleported.
You can dig through walls and to a lower floor.
You have a pair of large antennae on your head. (SInv)
Your four strong arms can wield two-handed weapons with a shield.
You have very sharp teeth.
You have sharp toenails.
You are robust. (+10% HP)


   Skills:
 - Level 6.1 Fighting
 - Level 9.2 Axes
 - Level 2.0 Throwing
 - Level 2.4 Armour
 - Level 1.0 Dodging
 + Level 1.3 Shields
 - Level 1.1 Spellcasting
 - Level 3.0 Fire Magic


You had 10 spell levels left.
You didn't know any spells.
Your spell library contained the following spells:

 Spells                   Type           Power      Damage    Failure   Level
 Scorch                   Fire           18%        2d5       75%         2

Inventory:

Hand Weapons
 m - a -1 hand axe of flaming
 Y - a +0 war axe (weapon)
Missiles
 a - 8 boomerangs
 j - a javelin (quivered)
Armour
 i - a +0 pair of boots (worn)
 k - a +0 buckler (worn)
 n - a +0 chain mail (worn)
Scrolls
 c - a scroll of identify
Potions
 b - a potion of heal wounds {unknown}
 e - a potion of resistance {unknown}
 f - a potion of curing {unknown}
 g - a potion of brilliance {unknown}
 h - 3 potions of mutation

Dungeon Overview and Level Annotations

Branches:
Dungeon (5/15)
 Temple: D:4-7

Altars:
Dithmenos
Fedhas
Hepliaklqana
Makhleb

Annotations:
D:2 1 runed translucent door, Crazy Yiuf


Message History

8045 ||| Stepping randomly (stuck).
You see here 7 gold pieces.
An adder is nearby!
An adder is nearby!
8047 ||| Stepping randomly (stuck).
An adder is nearby!
An adder is nearby!
8048 ||| Stepping randomly (stuck).
An adder is nearby!
An adder is nearby!
8049 ||| Stepping randomly (stuck).
You see here 7 gold pieces.
An adder is nearby!
An adder is nearby!
8050 ||| Stepping randomly (stuck).
An adder is nearby!
An adder is nearby!
8051 ||| Stepping randomly (stuck).
An adder is nearby!
An adder is nearby!
8052 ||| Stepping randomly (stuck).
You see here 7 gold pieces.
An adder is nearby!
An adder is nearby!
8054 ||| Stepping randomly (stuck).
You see here 7 gold pieces.
An adder is nearby!
An adder is nearby!
8056 ||| Stepping randomly (stuck).
You see here 7 gold pieces.
An adder is nearby!
An adder is nearby!
8058 ||| Stepping randomly (stuck).
An adder is nearby!
An adder is nearby!
8059 ||| Stepping randomly (stuck).
You see here 7 gold pieces.
An adder is nearby!
An adder is nearby!
Are you sure you want to abandon this character and quit the game? (Confirm with "yes".)

....... # # .....(. ###.
# .......##.. #
.......#... # # #
.......#..##?# .. ###
......##....# ... #.<
#...######...# ##.
#..........# ##
#..@....?### #
###.....#### { ##
###.[.####....... #.
##.........####... ##
#..##.........# #. #
#######...............
##
............#.######...
##.
##........#####S...##...
##.. #........# ..##/#
... ##...


You could see an adder.

Vanquished Creatures
  2 ice beasts (D:5)
  4 black bears
  An ogre (D:4)
  A necrophage (D:5)
  4 scorpions
  A jelly (D:5)
  3 orc priests
  A gnoll bouda (D:3)
  2 hounds (D:5)
  Natasha (twice) (D:2)
  2 iguanas (D:5)
  An orc wizard (D:3)
  7 gnolls
  8 adders
  2 ufetubi
  A worm (D:2)
  2 dart slugs (D:1)
  13 orcs
  8 endoplasms
  A giant cockroach (D:3)
  8 goblins
  8 hobgoblins
  6 jackals
  4 quokkas
  5 ball pythons
  6 bats
  3 frilled lizards
  10 kobolds
  3 rats
119 creatures vanquished.

Vanquished Creatures (others)
  A fungus (D:2)
  8 plants (D:3)
9 creatures vanquished.

Grand Total: 128 creatures vanquished

Notes
Turn   | Place    | Note
-------+----------+-------------------------------------------
     0 | D:1      | qw the Formicid Cinder Acolyte began the quest for the Orb.
     0 | D:1      | Reached XP level 1. HP: 18/18 MP: 2/2
     0 | D:1      | 0 ||| qw: Version: 0.1-a-102-g441f92d
     0 | D:1      | 0 ||| qw: Game counter: 5069
     0 | D:1      | 0 ||| qw: Always use a shield: true
     0 | D:1      | 0 ||| qw: God list: Okawaru
     0 | D:1      | 0 ||| qw: Allow faded altars: false
     0 | D:1      | 0 ||| qw: Do Orc after D:15 true
     0 | D:1      | 0 ||| qw: Do second Lair branch before Depths: true
     0 | D:1      | 0 ||| qw: Lair rune preference: random
     0 | D:1      | 0 ||| qw: Plans: Normal
     0 | D:1      | 0 ||| PLANNING D:1-11
   202 | D:1      | 202 ||| Stepping ~*~*~tactically~*~*~ (hiding).
   209 | D:1      | Reached XP level 2. HP: 24/24 MP: 3/3
   331 | D:1      | 331 ||| Stepping ~*~*~tactically~*~*~ (stealth).
   582 | D:1      | 582 ||| INVOKING Fiery Armour.
   586 | D:1      | HP: 6/24 [frozen (5)]
   587 | D:1      | HP: 1/24 [frozen (5)]
   658 | D:1      | Reached skill level 4 in Axes
   658 | D:1      | Reached XP level 3. HP: 8/29 MP: 4/4
  1218 | D:1      | 1218 ||| UPGRADING to +0 scale mail.
  1228 | D:1      | 1228 ||| DROPPING +0 robe.
  1229 | D:1      | 1229 ||| READING scroll labelled QOUSO WYLI.
  1315 | D:2      | 1315 ||| INVOKING Fiery Armour.
  1319 | D:2      | Reached skill level 1 in Armour
  1323 | D:2      | Reached XP level 4. HP: 19/35 MP: 5/5
  1359 | D:2      | 1359 ||| FLEEEEING.
  1360 | D:2      | 1360 ||| STAIRDANCE
  1478 | D:2      | 1478 ||| INVOKING Fiery Armour.
  1479 | D:2      | 1479 ||| STAIRDANCE
  1715 | D:2      | 1715 ||| Stepping ~*~*~tactically~*~*~ (stealth).
  1749 | D:2      | 1749 ||| Stepping ~*~*~tactically~*~*~ (stealth).
  1750 | D:2      | 1750 ||| Stepping ~*~*~tactically~*~*~ (stealth).
  1766 | D:2      | Found a hazy altar of Hepliaklqana.
  2101 | D:2      | Noticed Natasha
  2102 | D:2      | 2102 ||| Stepping ~*~*~tactically~*~*~ (hiding).
  2103 | D:2      | 2103 ||| Stepping ~*~*~tactically~*~*~ (stealth).
  2114 | D:2      | Killed Natasha
  2115 | D:2      | Reached skill level 1 in Throwing
  2115 | D:2      | Reached XP level 5. HP: 22/41 MP: 6/6
  2130 | D:2      | 2130 ||| FLEEEEING.
  2131 | D:2      | 2131 ||| FLEEEEING.
  2132 | D:2      | 2132 ||| FLEEEEING.
  2133 | D:2      | 2133 ||| FLEEEEING.
  2134 | D:2      | 2134 ||| FLEEEEING.
  2135 | D:2      | 2135 ||| FLEEEEING.
  2136 | D:2      | 2136 ||| FLEEEEING.
  2137 | D:2      | 2137 ||| FLEEEEING.
  2138 | D:2      | 2138 ||| FLEEEEING.
  2139 | D:2      | 2139 ||| FLEEEEING.
  2140 | D:2      | 2140 ||| STAIRDANCE
  2259 | D:1      | 2259 ||| READING scroll labelled BUG VIRO APAM.
  2262 | D:2      | 2262 ||| STAIRDANCE
  2324 | D:2      | 2324 ||| Stepping ~*~*~tactically~*~*~ (hiding).
  2325 | D:2      | 2325 ||| Stepping ~*~*~tactically~*~*~ (hiding).
  2326 | D:2      | 2326 ||| Stepping ~*~*~tactically~*~*~ (hiding).
  2406 | D:2      | 2406 ||| Stepping ~*~*~tactically~*~*~ (stealth).
  2541 | D:2      | 2541 ||| Stepping ~*~*~tactically~*~*~ (stealth).
  2542 | D:2      | 2542 ||| Stepping ~*~*~tactically~*~*~ (stealth).
  2637 | D:2      | Noticed Natasha
  2644 | D:2      | 2644 ||| INVOKING Fiery Armour.
  2647 | D:2      | Killed Natasha
  2648 | D:2      | Reached skill level 5 in Axes
  2757 | D:2      | Reached skill level 1 in Dodging
  2858 | D:2      | Found a runed translucent door.
  2859 | D:2      | Noticed Crazy Yiuf
  2860 | D:2      | Identified the +6 hammer of Scorn {vorpal, rN+ Will+ rCorr
                  | SInv}
  3108 | D:2      | 3108 ||| READING scroll labelled ROXIDA BIESUGA.
  3171 | D:3      | Reached XP level 6. HP: 47/47 MP: 7/7
  3177 | D:3      | 3177 ||| INVOKING Fiery Armour.
  3187 | D:3      | Reached skill level 6 in Axes
  3303 | D:3      | 3303 ||| FLEEEEING.
  3304 | D:3      | 3304 ||| FLEEEEING.
  3627 | D:3      | 3627 ||| Stepping ~*~*~tactically~*~*~ (hiding).
  3630 | D:3      | 3630 ||| Stepping ~*~*~tactically~*~*~ (hiding).
  3638 | D:3      | 3638 ||| INVOKING Fiery Armour.
  3641 | D:3      | Reached XP level 7. HP: 27/54 MP: 8/8
  3654 | D:3      | 3654 ||| Stepping ~*~*~tactically~*~*~ (stealth).
  3655 | D:3      | 3655 ||| Stepping ~*~*~tactically~*~*~ (stealth).
  3682 | D:3      | 3682 ||| FLEEEEING.
  3684 | D:3      | 3684 ||| FLEEEEING.
  3685 | D:3      | 3685 ||| FLEEEEING.
  3687 | D:3      | 3687 ||| FLEEEEING.
  3688 | D:3      | 3688 ||| FLEEEEING.
  3689 | D:3      | 3689 ||| FLEEEEING.
  3690 | D:3      | 3690 ||| FLEEEEING.
  3691 | D:3      | 3691 ||| FLEEEEING.
  3692 | D:3      | 3692 ||| FLEEEEING.
  3694 | D:3      | 3694 ||| FLEEEEING.
  3695 | D:3      | 3695 ||| FLEEEEING.
  3696 | D:3      | 3696 ||| FLEEEEING.
  3697 | D:3      | 3697 ||| FLEEEEING.
  3698 | D:3      | 3698 ||| FLEEEEING.
  3699 | D:3      | 3699 ||| STAIRDANCE
  3845 | D:2      | 3845 ||| READING scroll labelled LOMEKHL TOOWO.
  3846 | D:2      | 3846 ||| READING scroll labelled VOICAE ZIPSONU.
  3847 | D:2      | 3847 ||| READING 2 scrolls of identify.
  3847 | D:2      | 3847 ||| IDENTIFYING bubbling red potion
  3848 | D:2      | 3848 ||| DROPPING potion of degeneration.
  3931 | D:3      | Identified the +5 spear "Raxaamp" {holy, Fragile Fly rN+
                  | Str+4}
  3986 | D:3      | 3986 ||| Stepping ~*~*~tactically~*~*~ (stealth).
  4035 | D:3      | 4035 ||| Stepping ~*~*~tactically~*~*~ (stealth).
  4060 | D:3      | 4060 ||| Stepping ~*~*~tactically~*~*~ (stealth).
  4061 | D:3      | 4061 ||| Stepping ~*~*~tactically~*~*~ (stealth).
  4062 | D:3      | 4062 ||| Stepping ~*~*~tactically~*~*~ (stealth).
  4079 | D:3      | 4079 ||| Stepping ~*~*~tactically~*~*~ (stealth).
  4080 | D:3      | 4080 ||| Stepping ~*~*~tactically~*~*~ (stealth).
  4203 | D:3      | Found a shadowy altar of Dithmenos.
  4416 | D:3      | 4416 ||| READING scroll labelled QADWA DOSIKEPN.
  4500 | D:4      | Reached skill level 7 in Axes
  4646 | D:4      | 4646 ||| INVOKING Fiery Armour.
  4777 | D:4      | Reached skill level 8 in Axes
  4777 | D:4      | Reached XP level 8. HP: 60/60 MP: 9/9
  4834 | D:4      | 4834 ||| Stepping ~*~*~tactically~*~*~ (hiding).
  5396 | D:4      | 5396 ||| UPGRADING to +0 pair of boots.
  5401 | D:4      | 5401 ||| READING scroll labelled BUCAPL CEXTOE.
  5402 | D:4      | 5402 ||| READING scroll labelled FIUQER ONLIA.
  5449 | D:5      | Entered Level 5 of the Dungeon
  5478 | D:5      | 5478 ||| INVOKING Fiery Armour.
  5817 | D:5      | Found a blossoming altar of Fedhas.
  6020 | D:5      | 6020 ||| Stepping ~*~*~tactically~*~*~ (stealth).
  6067 | D:5      | Found a burning altar of Makhleb.
  6102 | D:5      | 6102 ||| Stepping ~*~*~tactically~*~*~ (stealth).
  6104 | D:5      | 6104 ||| Stepping ~*~*~tactically~*~*~ (stealth).
  6106 | D:5      | 6106 ||| Stepping ~*~*~tactically~*~*~ (stealth).
  6166 | D:5      | 6166 ||| SWAPPING to +0 war axe.
  6214 | D:5      | Reached skill level 9 in Axes
  6308 | D:5      | 6308 ||| Stepping ~*~*~tactically~*~*~ (stealth).
  6347 | D:5      | Reached skill level 6 in Fighting
  6347 | D:5      | Reached XP level 9. HP: 55/69 MP: 10/10
  6438 | D:5      | 6438 ||| UPGRADING to +0 buckler.
  6443 | D:5      | 6443 ||| UPGRADING to +0 chain mail.
  6453 | D:5      | 6453 ||| DROPPING +0 scale mail.
  6454 | D:5      | 6454 ||| READING scroll labelled OFFIUH LOFO.
  6477 | D:5      | 6477 ||| DRINKING 4 brown potions.
  6477 | D:5      | Gained mutation: You are robust. (+10% HP) [potion of
                  | mutation]
  6477 | D:5      | Gained mutation: You have sharp toenails. [potion of
                  | mutation]
  6477 | D:5      | Gained mutation: You have very sharp teeth. [potion of
                  | mutation]
  6504 | D:5      | 6504 ||| Stepping randomly (stuck).
  6506 | D:5      | 6506 ||| Stepping randomly (stuck).
  6508 | D:5      | 6508 ||| Stepping randomly (stuck).
  6509 | D:5      | 6509 ||| Stepping randomly (stuck).
  6510 | D:5      | 6510 ||| Stepping randomly (stuck).
  6512 | D:5      | 6512 ||| Stepping randomly (stuck).
  6513 | D:5      | 6513 ||| Stepping randomly (stuck).
  6515 | D:5      | 6515 ||| Stepping randomly (stuck).
  6517 | D:5      | 6517 ||| Stepping randomly (stuck).
  6518 | D:5      | 6518 ||| Stepping randomly (stuck).
  6519 | D:5      | 6519 ||| Stepping randomly (stuck).
  6521 | D:5      | 6521 ||| Stepping randomly (stuck).
  6522 | D:5      | 6522 ||| Stepping randomly (stuck).
  6523 | D:5      | 6523 ||| Stepping randomly (stuck).
  6524 | D:5      | 6524 ||| Stepping randomly (stuck).
  6525 | D:5      | 6525 ||| Stepping randomly (stuck).
  6527 | D:5      | 6527 ||| Stepping randomly (stuck).
  6528 | D:5      | 6528 ||| Stepping randomly (stuck).
  6533 | D:5      | Reached skill level 1 in Shields
  6536 | D:5      | 6536 ||| Stepping randomly (stuck).
  6538 | D:5      | 6538 ||| Stepping randomly (stuck).
  6540 | D:5      | 6540 ||| Stepping randomly (stuck).
  6542 | D:5      | 6542 ||| Stepping randomly (stuck).
  6543 | D:5      | 6543 ||| Stepping randomly (stuck).
  6544 | D:5      | 6544 ||| Stepping randomly (stuck).
  6545 | D:5      | 6545 ||| Stepping randomly (stuck).
  6546 | D:5      | 6546 ||| Stepping randomly (stuck).
  6547 | D:5      | 6547 ||| Stepping randomly (stuck).
  6548 | D:5      | 6548 ||| Stepping randomly (stuck).
  6550 | D:5      | 6550 ||| Stepping randomly (stuck).
  6552 | D:5      | 6552 ||| Stepping randomly (stuck).
  6554 | D:5      | 6554 ||| Stepping randomly (stuck).
  6556 | D:5      | 6556 ||| Stepping randomly (stuck).
  6557 | D:5      | 6557 ||| Stepping randomly (stuck).
  6559 | D:5      | 6559 ||| Stepping randomly (stuck).
  6561 | D:5      | 6561 ||| Stepping randomly (stuck).
  6563 | D:5      | 6563 ||| Stepping randomly (stuck).
  6564 | D:5      | 6564 ||| Stepping randomly (stuck).
  6565 | D:5      | 6565 ||| Stepping randomly (stuck).
  6566 | D:5      | 6566 ||| Stepping randomly (stuck).
  6568 | D:5      | 6568 ||| Stepping randomly (stuck).
  6570 | D:5      | 6570 ||| Stepping randomly (stuck).
  6572 | D:5      | 6572 ||| Stepping randomly (stuck).
  6574 | D:5      | 6574 ||| Stepping randomly (stuck).
  6576 | D:5      | 6576 ||| Stepping randomly (stuck).
  6578 | D:5      | 6578 ||| Stepping randomly (stuck).
  6580 | D:5      | 6580 ||| Stepping randomly (stuck).
  6582 | D:5      | 6582 ||| Stepping randomly (stuck).
  6583 | D:5      | 6583 ||| Stepping randomly (stuck).
  6584 | D:5      | 6584 ||| Stepping randomly (stuck).
  6585 | D:5      | 6585 ||| Stepping randomly (stuck).
  6586 | D:5      | 6586 ||| Stepping randomly (stuck).
  6587 | D:5      | 6587 ||| Stepping randomly (stuck).
  6589 | D:5      | 6589 ||| Stepping randomly (stuck).
  6590 | D:5      | 6590 ||| Stepping randomly (stuck).
  6591 | D:5      | 6591 ||| Stepping randomly (stuck).
  6592 | D:5      | 6592 ||| Stepping randomly (stuck).
  6594 | D:5      | 6594 ||| Stepping randomly (stuck).
  6596 | D:5      | 6596 ||| Stepping randomly (stuck).
  6598 | D:5      | 6598 ||| Stepping randomly (stuck).
  6600 | D:5      | 6600 ||| Stepping randomly (stuck).
  6601 | D:5      | 6601 ||| Stepping randomly (stuck).
  6602 | D:5      | 6602 ||| Stepping randomly (stuck).
  6604 | D:5      | 6604 ||| Stepping randomly (stuck).
  6606 | D:5      | 6606 ||| Stepping randomly (stuck).
  6608 | D:5      | 6608 ||| Stepping randomly (stuck).
  6609 | D:5      | 6609 ||| Stepping randomly (stuck).
  6610 | D:5      | 6610 ||| Stepping randomly (stuck).
  6611 | D:5      | 6611 ||| Stepping randomly (stuck).
  6613 | D:5      | 6613 ||| Stepping randomly (stuck).
  6614 | D:5      | 6614 ||| Stepping randomly (stuck).
  6616 | D:5      | 6616 ||| Stepping randomly (stuck).
  6618 | D:5      | 6618 ||| Stepping randomly (stuck).
  6619 | D:5      | 6619 ||| Stepping randomly (stuck).
  6620 | D:5      | 6620 ||| Stepping randomly (stuck).
  6621 | D:5      | 6621 ||| Stepping randomly (stuck).
  6622 | D:5      | 6622 ||| Stepping randomly (stuck).
  6623 | D:5      | 6623 ||| Stepping randomly (stuck).
  6624 | D:5      | 6624 ||| Stepping randomly (stuck).
  6626 | D:5      | 6626 ||| Stepping randomly (stuck).
  6628 | D:5      | 6628 ||| Stepping randomly (stuck).
  6630 | D:5      | 6630 ||| Stepping randomly (stuck).
  6632 | D:5      | 6632 ||| Stepping randomly (stuck).
  6634 | D:5      | 6634 ||| Stepping randomly (stuck).
  6635 | D:5      | 6635 ||| Stepping randomly (stuck).
  6636 | D:5      | 6636 ||| Stepping randomly (stuck).
  6638 | D:5      | 6638 ||| Stepping randomly (stuck).
  6640 | D:5      | 6640 ||| Stepping randomly (stuck).
  6642 | D:5      | 6642 ||| Stepping randomly (stuck).
  6643 | D:5      | 6643 ||| Stepping randomly (stuck).
  6645 | D:5      | 6645 ||| Stepping randomly (stuck).
  6646 | D:5      | 6646 ||| Stepping randomly (stuck).
  6647 | D:5      | 6647 ||| Stepping randomly (stuck).
  6648 | D:5      | 6648 ||| Stepping randomly (stuck).
  6649 | D:5      | 6649 ||| Stepping randomly (stuck).
  6651 | D:5      | 6651 ||| Stepping randomly (stuck).
  6652 | D:5      | 6652 ||| Stepping randomly (stuck).
  6653 | D:5      | 6653 ||| Stepping randomly (stuck).
  6654 | D:5      | 6654 ||| Stepping randomly (stuck).
  6656 | D:5      | 6656 ||| Stepping randomly (stuck).
  6657 | D:5      | 6657 ||| Stepping randomly (stuck).
  6659 | D:5      | 6659 ||| Stepping randomly (stuck).
  6661 | D:5      | 6661 ||| Stepping randomly (stuck).
  6663 | D:5      | 6663 ||| Stepping randomly (stuck).
  6664 | D:5      | 6664 ||| Stepping randomly (stuck).
  6666 | D:5      | 6666 ||| Stepping randomly (stuck).
  6667 | D:5      | 6667 ||| Stepping randomly (stuck).
  6668 | D:5      | 6668 ||| Stepping randomly (stuck).
  6669 | D:5      | 6669 ||| Stepping randomly (stuck).
  6671 | D:5      | 6671 ||| Stepping randomly (stuck).
  6673 | D:5      | 6673 ||| Stepping randomly (stuck).
  6675 | D:5      | 6675 ||| Stepping randomly (stuck).
  6677 | D:5      | 6677 ||| Stepping randomly (stuck).
  6679 | D:5      | 6679 ||| Stepping randomly (stuck).
  6680 | D:5      | 6680 ||| Stepping randomly (stuck).
  6682 | D:5      | 6682 ||| Stepping randomly (stuck).
  6684 | D:5      | 6684 ||| Stepping randomly (stuck).
  6685 | D:5      | 6685 ||| Stepping randomly (stuck).
  6687 | D:5      | 6687 ||| Stepping randomly (stuck).
  6688 | D:5      | 6688 ||| Stepping randomly (stuck).
  6690 | D:5      | 6690 ||| Stepping randomly (stuck).
  6691 | D:5      | 6691 ||| Stepping randomly (stuck).
  6692 | D:5      | 6692 ||| Stepping randomly (stuck).
  6694 | D:5      | 6694 ||| Stepping randomly (stuck).
  6695 | D:5      | 6695 ||| Stepping randomly (stuck).
  6697 | D:5      | 6697 ||| Stepping randomly (stuck).
  6698 | D:5      | 6698 ||| Stepping randomly (stuck).
  6700 | D:5      | 6700 ||| Stepping randomly (stuck).
  6702 | D:5      | 6702 ||| Stepping randomly (stuck).
  6704 | D:5      | 6704 ||| Stepping randomly (stuck).
  6706 | D:5      | 6706 ||| Stepping randomly (stuck).
  6708 | D:5      | 6708 ||| Stepping randomly (stuck).
  6709 | D:5      | 6709 ||| Stepping randomly (stuck).
  6711 | D:5      | 6711 ||| Stepping randomly (stuck).
  6713 | D:5      | 6713 ||| Stepping randomly (stuck).
  6714 | D:5      | 6714 ||| Stepping randomly (stuck).
  6715 | D:5      | 6715 ||| Stepping randomly (stuck).
  6717 | D:5      | 6717 ||| Stepping randomly (stuck).
  6719 | D:5      | 6719 ||| Stepping randomly (stuck).
  6721 | D:5      | 6721 ||| Stepping randomly (stuck).
  6723 | D:5      | 6723 ||| Stepping randomly (stuck).
  6725 | D:5      | 6725 ||| Stepping randomly (stuck).
  6726 | D:5      | 6726 ||| Stepping randomly (stuck).
  6727 | D:5      | 6727 ||| Stepping randomly (stuck).
  6728 | D:5      | 6728 ||| Stepping randomly (stuck).
  6729 | D:5      | 6729 ||| Stepping randomly (stuck).
  6731 | D:5      | 6731 ||| Stepping randomly (stuck).
  6732 | D:5      | 6732 ||| Stepping randomly (stuck).
  6734 | D:5      | 6734 ||| Stepping randomly (stuck).
  6735 | D:5      | 6735 ||| Stepping randomly (stuck).
  6736 | D:5      | 6736 ||| Stepping randomly (stuck).
  6737 | D:5      | 6737 ||| Stepping randomly (stuck).
  6739 | D:5      | 6739 ||| Stepping randomly (stuck).
  6740 | D:5      | 6740 ||| Stepping randomly (stuck).
  6742 | D:5      | 6742 ||| Stepping randomly (stuck).
  6743 | D:5      | 6743 ||| Stepping randomly (stuck).
  6744 | D:5      | 6744 ||| Stepping randomly (stuck).
  6746 | D:5      | 6746 ||| Stepping randomly (stuck).
  6748 | D:5      | 6748 ||| Stepping randomly (stuck).
  6750 | D:5      | 6750 ||| Stepping randomly (stuck).
  6751 | D:5      | 6751 ||| Stepping randomly (stuck).
  6753 | D:5      | 6753 ||| Stepping randomly (stuck).
  6755 | D:5      | 6755 ||| Stepping randomly (stuck).
  6756 | D:5      | 6756 ||| Stepping randomly (stuck).
  6757 | D:5      | 6757 ||| Stepping randomly (stuck).
  6758 | D:5      | 6758 ||| Stepping randomly (stuck).
  6760 | D:5      | 6760 ||| Stepping randomly (stuck).
  6761 | D:5      | 6761 ||| Stepping randomly (stuck).
  6763 | D:5      | 6763 ||| Stepping randomly (stuck).
  6764 | D:5      | 6764 ||| Stepping randomly (stuck).
  6765 | D:5      | 6765 ||| Stepping randomly (stuck).
  6767 | D:5      | 6767 ||| Stepping randomly (stuck).
  6769 | D:5      | 6769 ||| Stepping randomly (stuck).
  6771 | D:5      | 6771 ||| Stepping randomly (stuck).
  6773 | D:5      | 6773 ||| Stepping randomly (stuck).
  6775 | D:5      | 6775 ||| Stepping randomly (stuck).
  6777 | D:5      | 6777 ||| Stepping randomly (stuck).
  6779 | D:5      | 6779 ||| Stepping randomly (stuck).
  6781 | D:5      | 6781 ||| Stepping randomly (stuck).
  6783 | D:5      | 6783 ||| Stepping randomly (stuck).
  6785 | D:5      | 6785 ||| Stepping randomly (stuck).
  6787 | D:5      | 6787 ||| Stepping randomly (stuck).
  6788 | D:5      | 6788 ||| Stepping randomly (stuck).
  6789 | D:5      | 6789 ||| Stepping randomly (stuck).
  6791 | D:5      | 6791 ||| Stepping randomly (stuck).
  6792 | D:5      | 6792 ||| Stepping randomly (stuck).
  6793 | D:5      | 6793 ||| Stepping randomly (stuck).
  6795 | D:5      | 6795 ||| Stepping randomly (stuck).
  6796 | D:5      | 6796 ||| Stepping randomly (stuck).
  6797 | D:5      | 6797 ||| Stepping randomly (stuck).
  6799 | D:5      | 6799 ||| Stepping randomly (stuck).
  6801 | D:5      | 6801 ||| Stepping randomly (stuck).
  6803 | D:5      | 6803 ||| Stepping randomly (stuck).
  6804 | D:5      | 6804 ||| Stepping randomly (stuck).
  6806 | D:5      | 6806 ||| Stepping randomly (stuck).
  6808 | D:5      | 6808 ||| Stepping randomly (stuck).
  6809 | D:5      | 6809 ||| Stepping randomly (stuck).
  6810 | D:5      | 6810 ||| Stepping randomly (stuck).
  6812 | D:5      | 6812 ||| Stepping randomly (stuck).
  6814 | D:5      | 6814 ||| Stepping randomly (stuck).
  6816 | D:5      | 6816 ||| Stepping randomly (stuck).
  6818 | D:5      | 6818 ||| Stepping randomly (stuck).
  6819 | D:5      | 6819 ||| Stepping randomly (stuck).
  6821 | D:5      | 6821 ||| Stepping randomly (stuck).
  6823 | D:5      | 6823 ||| Stepping randomly (stuck).
  6825 | D:5      | 6825 ||| Stepping randomly (stuck).
  6826 | D:5      | 6826 ||| Stepping randomly (stuck).
  6828 | D:5      | 6828 ||| Stepping randomly (stuck).
  6829 | D:5      | 6829 ||| Stepping randomly (stuck).
  6830 | D:5      | 6830 ||| Stepping randomly (stuck).
  6831 | D:5      | 6831 ||| Stepping randomly (stuck).
  6832 | D:5      | 6832 ||| Stepping randomly (stuck).
  6833 | D:5      | 6833 ||| Stepping randomly (stuck).
  6835 | D:5      | 6835 ||| Stepping randomly (stuck).
  6836 | D:5      | 6836 ||| Stepping randomly (stuck).
  6837 | D:5      | 6837 ||| Stepping randomly (stuck).
  6839 | D:5      | 6839 ||| Stepping randomly (stuck).
  6841 | D:5      | 6841 ||| Stepping randomly (stuck).
  6843 | D:5      | 6843 ||| Stepping randomly (stuck).
  6845 | D:5      | 6845 ||| Stepping randomly (stuck).
  6847 | D:5      | 6847 ||| Stepping randomly (stuck).
  6849 | D:5      | 6849 ||| Stepping randomly (stuck).
  6851 | D:5      | 6851 ||| Stepping randomly (stuck).
  6853 | D:5      | 6853 ||| Stepping randomly (stuck).
  6854 | D:5      | 6854 ||| Stepping randomly (stuck).
  6856 | D:5      | 6856 ||| Stepping randomly (stuck).
  6857 | D:5      | 6857 ||| Stepping randomly (stuck).
  6859 | D:5      | 6859 ||| Stepping randomly (stuck).
  6861 | D:5      | 6861 ||| Stepping randomly (stuck).
  6862 | D:5      | 6862 ||| Stepping randomly (stuck).
  6863 | D:5      | 6863 ||| Stepping randomly (stuck).
  6865 | D:5      | 6865 ||| Stepping randomly (stuck).
  6867 | D:5      | 6867 ||| Stepping randomly (stuck).
  6869 | D:5      | 6869 ||| Stepping randomly (stuck).
  6871 | D:5      | 6871 ||| Stepping randomly (stuck).
  6873 | D:5      | 6873 ||| Stepping randomly (stuck).
  6875 | D:5      | 6875 ||| Stepping randomly (stuck).
  6877 | D:5      | 6877 ||| Stepping randomly (stuck).
  6879 | D:5      | 6879 ||| Stepping randomly (stuck).
  6880 | D:5      | 6880 ||| Stepping randomly (stuck).
  6882 | D:5      | 6882 ||| Stepping randomly (stuck).
  6884 | D:5      | 6884 ||| Stepping randomly (stuck).
  6886 | D:5      | 6886 ||| Stepping randomly (stuck).
  6887 | D:5      | 6887 ||| Stepping randomly (stuck).
  6889 | D:5      | 6889 ||| Stepping randomly (stuck).
  6890 | D:5      | 6890 ||| Stepping randomly (stuck).
  6892 | D:5      | 6892 ||| Stepping randomly (stuck).
  6894 | D:5      | 6894 ||| Stepping randomly (stuck).
  6895 | D:5      | 6895 ||| Stepping randomly (stuck).
  6896 | D:5      | 6896 ||| Stepping randomly (stuck).
  6898 | D:5      | 6898 ||| Stepping randomly (stuck).
  6900 | D:5      | 6900 ||| Stepping randomly (stuck).
  6901 | D:5      | 6901 ||| Stepping randomly (stuck).
  6902 | D:5      | 6902 ||| Stepping randomly (stuck).
  6904 | D:5      | 6904 ||| Stepping randomly (stuck).
  6906 | D:5      | 6906 ||| Stepping randomly (stuck).
  6907 | D:5      | 6907 ||| Stepping randomly (stuck).
  6909 | D:5      | 6909 ||| Stepping randomly (stuck).
  6910 | D:5      | 6910 ||| Stepping randomly (stuck).
  6912 | D:5      | 6912 ||| Stepping randomly (stuck).
  6914 | D:5      | 6914 ||| Stepping randomly (stuck).
  6915 | D:5      | 6915 ||| Stepping randomly (stuck).
  6916 | D:5      | 6916 ||| Stepping randomly (stuck).
  6918 | D:5      | 6918 ||| Stepping randomly (stuck).
  6920 | D:5      | 6920 ||| Stepping randomly (stuck).
  6922 | D:5      | 6922 ||| Stepping randomly (stuck).
  6924 | D:5      | 6924 ||| Stepping randomly (stuck).
  6926 | D:5      | 6926 ||| Stepping randomly (stuck).
  6928 | D:5      | 6928 ||| Stepping randomly (stuck).
  6930 | D:5      | 6930 ||| Stepping randomly (stuck).
  6931 | D:5      | 6931 ||| Stepping randomly (stuck).
  6933 | D:5      | 6933 ||| Stepping randomly (stuck).
  6934 | D:5      | 6934 ||| Stepping randomly (stuck).
  6936 | D:5      | 6936 ||| Stepping randomly (stuck).
  6938 | D:5      | 6938 ||| Stepping randomly (stuck).
  6940 | D:5      | 6940 ||| Stepping randomly (stuck).
  6942 | D:5      | 6942 ||| Stepping randomly (stuck).
  6944 | D:5      | 6944 ||| Stepping randomly (stuck).
  6945 | D:5      | 6945 ||| Stepping randomly (stuck).
  6947 | D:5      | 6947 ||| Stepping randomly (stuck).
  6949 | D:5      | 6949 ||| Stepping randomly (stuck).
  6951 | D:5      | 6951 ||| Stepping randomly (stuck).
  6952 | D:5      | 6952 ||| Stepping randomly (stuck).
  6954 | D:5      | 6954 ||| Stepping randomly (stuck).
  6956 | D:5      | 6956 ||| Stepping randomly (stuck).
  6957 | D:5      | 6957 ||| Stepping randomly (stuck).
  6958 | D:5      | 6958 ||| Stepping randomly (stuck).
  6959 | D:5      | 6959 ||| Stepping randomly (stuck).
  6961 | D:5      | 6961 ||| Stepping randomly (stuck).
  6962 | D:5      | 6962 ||| Stepping randomly (stuck).
  6964 | D:5      | 6964 ||| Stepping randomly (stuck).
  6965 | D:5      | 6965 ||| Stepping randomly (stuck).
  6967 | D:5      | 6967 ||| Stepping randomly (stuck).
  6969 | D:5      | 6969 ||| Stepping randomly (stuck).
  6970 | D:5      | 6970 ||| Stepping randomly (stuck).
  6972 | D:5      | 6972 ||| Stepping randomly (stuck).
  6974 | D:5      | 6974 ||| Stepping randomly (stuck).
  6976 | D:5      | 6976 ||| Stepping randomly (stuck).
  6978 | D:5      | 6978 ||| Stepping randomly (stuck).
  6979 | D:5      | 6979 ||| Stepping randomly (stuck).
  6980 | D:5      | 6980 ||| Stepping randomly (stuck).
  6981 | D:5      | 6981 ||| Stepping randomly (stuck).
  6982 | D:5      | 6982 ||| Stepping randomly (stuck).
  6984 | D:5      | 6984 ||| Stepping randomly (stuck).
  6985 | D:5      | 6985 ||| Stepping randomly (stuck).
  6987 | D:5      | 6987 ||| Stepping randomly (stuck).
  6988 | D:5      | 6988 ||| Stepping randomly (stuck).
  6989 | D:5      | 6989 ||| Stepping randomly (stuck).
  6991 | D:5      | 6991 ||| Stepping randomly (stuck).
  6992 | D:5      | 6992 ||| Stepping randomly (stuck).
  6993 | D:5      | 6993 ||| Stepping randomly (stuck).
  6994 | D:5      | 6994 ||| Stepping randomly (stuck).
  6995 | D:5      | 6995 ||| Stepping randomly (stuck).
  6996 | D:5      | 6996 ||| Stepping randomly (stuck).
  6997 | D:5      | 6997 ||| Stepping randomly (stuck).
  6999 | D:5      | 6999 ||| Stepping randomly (stuck).
  7000 | D:5      | 7000 ||| Stepping randomly (stuck).
  7002 | D:5      | 7002 ||| Stepping randomly (stuck).
  7004 | D:5      | 7004 ||| Stepping randomly (stuck).
  7005 | D:5      | 7005 ||| Stepping randomly (stuck).
  7006 | D:5      | 7006 ||| Stepping randomly (stuck).
  7008 | D:5      | 7008 ||| Stepping randomly (stuck).
  7010 | D:5      | 7010 ||| Stepping randomly (stuck).
  7012 | D:5      | 7012 ||| Stepping randomly (stuck).
  7013 | D:5      | 7013 ||| Stepping randomly (stuck).
  7014 | D:5      | 7014 ||| Stepping randomly (stuck).
  7016 | D:5      | 7016 ||| Stepping randomly (stuck).
  7018 | D:5      | 7018 ||| Stepping randomly (stuck).
  7020 | D:5      | 7020 ||| Stepping randomly (stuck).
  7022 | D:5      | 7022 ||| Stepping randomly (stuck).
  7024 | D:5      | 7024 ||| Stepping randomly (stuck).
  7025 | D:5      | 7025 ||| Stepping randomly (stuck).
  7027 | D:5      | 7027 ||| Stepping randomly (stuck).
  7028 | D:5      | 7028 ||| Stepping randomly (stuck).
  7029 | D:5      | 7029 ||| Stepping randomly (stuck).
  7030 | D:5      | 7030 ||| Stepping randomly (stuck).
  7032 | D:5      | 7032 ||| Stepping randomly (stuck).
  7034 | D:5      | 7034 ||| Stepping randomly (stuck).
  7036 | D:5      | 7036 ||| Stepping randomly (stuck).
  7038 | D:5      | 7038 ||| Stepping randomly (stuck).
  7040 | D:5      | 7040 ||| Stepping randomly (stuck).
  7042 | D:5      | 7042 ||| Stepping randomly (stuck).
  7044 | D:5      | 7044 ||| Stepping randomly (stuck).
  7046 | D:5      | 7046 ||| Stepping randomly (stuck).
  7048 | D:5      | 7048 ||| Stepping randomly (stuck).
  7049 | D:5      | 7049 ||| Stepping randomly (stuck).
  7051 | D:5      | 7051 ||| Stepping randomly (stuck).
  7053 | D:5      | 7053 ||| Stepping randomly (stuck).
  7055 | D:5      | 7055 ||| Stepping randomly (stuck).
  7057 | D:5      | 7057 ||| Stepping randomly (stuck).
  7059 | D:5      | 7059 ||| Stepping randomly (stuck).
  7060 | D:5      | 7060 ||| Stepping randomly (stuck).
  7061 | D:5      | 7061 ||| Stepping randomly (stuck).
  7062 | D:5      | 7062 ||| Stepping randomly (stuck).
  7064 | D:5      | 7064 ||| Stepping randomly (stuck).
  7065 | D:5      | 7065 ||| Stepping randomly (stuck).
  7067 | D:5      | 7067 ||| Stepping randomly (stuck).
  7069 | D:5      | 7069 ||| Stepping randomly (stuck).
  7071 | D:5      | 7071 ||| Stepping randomly (stuck).
  7072 | D:5      | 7072 ||| Stepping randomly (stuck).
  7073 | D:5      | 7073 ||| Stepping randomly (stuck).
  7074 | D:5      | 7074 ||| Stepping randomly (stuck).
  7076 | D:5      | 7076 ||| Stepping randomly (stuck).
  7078 | D:5      | 7078 ||| Stepping randomly (stuck).
  7079 | D:5      | 7079 ||| Stepping randomly (stuck).
  7080 | D:5      | 7080 ||| Stepping randomly (stuck).
  7082 | D:5      | 7082 ||| Stepping randomly (stuck).
  7084 | D:5      | 7084 ||| Stepping randomly (stuck).
  7085 | D:5      | 7085 ||| Stepping randomly (stuck).
  7087 | D:5      | 7087 ||| Stepping randomly (stuck).
  7088 | D:5      | 7088 ||| Stepping randomly (stuck).
  7089 | D:5      | 7089 ||| Stepping randomly (stuck).
  7091 | D:5      | 7091 ||| Stepping randomly (stuck).
  7093 | D:5      | 7093 ||| Stepping randomly (stuck).
  7094 | D:5      | 7094 ||| Stepping randomly (stuck).
  7096 | D:5      | 7096 ||| Stepping randomly (stuck).
  7098 | D:5      | 7098 ||| Stepping randomly (stuck).
  7099 | D:5      | 7099 ||| Stepping randomly (stuck).
  7101 | D:5      | 7101 ||| Stepping randomly (stuck).
  7103 | D:5      | 7103 ||| Stepping randomly (stuck).
  7105 | D:5      | 7105 ||| Stepping randomly (stuck).
  7106 | D:5      | 7106 ||| Stepping randomly (stuck).
  7107 | D:5      | 7107 ||| Stepping randomly (stuck).
  7109 | D:5      | 7109 ||| Stepping randomly (stuck).
  7110 | D:5      | 7110 ||| Stepping randomly (stuck).
  7112 | D:5      | 7112 ||| Stepping randomly (stuck).
  7114 | D:5      | 7114 ||| Stepping randomly (stuck).
  7115 | D:5      | 7115 ||| Stepping randomly (stuck).
  7116 | D:5      | 7116 ||| Stepping randomly (stuck).
  7118 | D:5      | 7118 ||| Stepping randomly (stuck).
  7119 | D:5      | 7119 ||| Stepping randomly (stuck).
  7121 | D:5      | 7121 ||| Stepping randomly (stuck).
  7123 | D:5      | 7123 ||| Stepping randomly (stuck).
  7125 | D:5      | 7125 ||| Stepping randomly (stuck).
  7127 | D:5      | 7127 ||| Stepping randomly (stuck).
  7129 | D:5      | 7129 ||| Stepping randomly (stuck).
  7131 | D:5      | 7131 ||| Stepping randomly (stuck).
  7133 | D:5      | 7133 ||| Stepping randomly (stuck).
  7135 | D:5      | 7135 ||| Stepping randomly (stuck).
  7137 | D:5      | 7137 ||| Stepping randomly (stuck).
  7138 | D:5      | 7138 ||| Stepping randomly (stuck).
  7139 | D:5      | 7139 ||| Stepping randomly (stuck).
  7140 | D:5      | 7140 ||| Stepping randomly (stuck).
  7142 | D:5      | 7142 ||| Stepping randomly (stuck).
  7143 | D:5      | 7143 ||| Stepping randomly (stuck).
  7145 | D:5      | 7145 ||| Stepping randomly (stuck).
  7146 | D:5      | 7146 ||| Stepping randomly (stuck).
  7148 | D:5      | 7148 ||| Stepping randomly (stuck).
  7150 | D:5      | 7150 ||| Stepping randomly (stuck).
  7152 | D:5      | 7152 ||| Stepping randomly (stuck).
  7153 | D:5      | 7153 ||| Stepping randomly (stuck).
  7154 | D:5      | 7154 ||| Stepping randomly (stuck).
  7156 | D:5      | 7156 ||| Stepping randomly (stuck).
  7158 | D:5      | 7158 ||| Stepping randomly (stuck).
  7159 | D:5      | 7159 ||| Stepping randomly (stuck).
  7161 | D:5      | 7161 ||| Stepping randomly (stuck).
  7162 | D:5      | 7162 ||| Stepping randomly (stuck).
  7163 | D:5      | 7163 ||| Stepping randomly (stuck).
  7165 | D:5      | 7165 ||| Stepping randomly (stuck).
  7167 | D:5      | 7167 ||| Stepping randomly (stuck).
  7168 | D:5      | 7168 ||| Stepping randomly (stuck).
  7170 | D:5      | 7170 ||| Stepping randomly (stuck).
  7171 | D:5      | 7171 ||| Stepping randomly (stuck).
  7173 | D:5      | 7173 ||| Stepping randomly (stuck).
  7174 | D:5      | 7174 ||| Stepping randomly (stuck).
  7175 | D:5      | 7175 ||| Stepping randomly (stuck).
  7176 | D:5      | 7176 ||| Stepping randomly (stuck).
  7178 | D:5      | 7178 ||| Stepping randomly (stuck).
  7180 | D:5      | 7180 ||| Stepping randomly (stuck).
  7181 | D:5      | 7181 ||| Stepping randomly (stuck).
  7182 | D:5      | 7182 ||| Stepping randomly (stuck).
  7184 | D:5      | 7184 ||| Stepping randomly (stuck).
  7185 | D:5      | 7185 ||| Stepping randomly (stuck).
  7187 | D:5      | 7187 ||| Stepping randomly (stuck).
  7188 | D:5      | 7188 ||| Stepping randomly (stuck).
  7190 | D:5      | 7190 ||| Stepping randomly (stuck).
  7192 | D:5      | 7192 ||| Stepping randomly (stuck).
  7194 | D:5      | 7194 ||| Stepping randomly (stuck).
  7196 | D:5      | 7196 ||| Stepping randomly (stuck).
  7198 | D:5      | 7198 ||| Stepping randomly (stuck).
  7199 | D:5      | 7199 ||| Stepping randomly (stuck).
  7200 | D:5      | 7200 ||| Stepping randomly (stuck).
  7201 | D:5      | 7201 ||| Stepping randomly (stuck).
  7203 | D:5      | 7203 ||| Stepping randomly (stuck).
  7205 | D:5      | 7205 ||| Stepping randomly (stuck).
  7207 | D:5      | 7207 ||| Stepping randomly (stuck).
  7208 | D:5      | 7208 ||| Stepping randomly (stuck).
  7209 | D:5      | 7209 ||| Stepping randomly (stuck).
  7211 | D:5      | 7211 ||| Stepping randomly (stuck).
  7213 | D:5      | 7213 ||| Stepping randomly (stuck).
  7215 | D:5      | 7215 ||| Stepping randomly (stuck).
  7217 | D:5      | 7217 ||| Stepping randomly (stuck).
  7219 | D:5      | 7219 ||| Stepping randomly (stuck).
  7221 | D:5      | 7221 ||| Stepping randomly (stuck).
  7223 | D:5      | 7223 ||| Stepping randomly (stuck).
  7225 | D:5      | 7225 ||| Stepping randomly (stuck).
  7226 | D:5      | 7226 ||| Stepping randomly (stuck).
  7228 | D:5      | 7228 ||| Stepping randomly (stuck).
  7229 | D:5      | 7229 ||| Stepping randomly (stuck).
  7231 | D:5      | 7231 ||| Stepping randomly (stuck).
  7233 | D:5      | 7233 ||| Stepping randomly (stuck).
  7235 | D:5      | 7235 ||| Stepping randomly (stuck).
  7237 | D:5      | 7237 ||| Stepping randomly (stuck).
  7238 | D:5      | 7238 ||| Stepping randomly (stuck).
  7239 | D:5      | 7239 ||| Stepping randomly (stuck).
  7240 | D:5      | 7240 ||| Stepping randomly (stuck).
  7241 | D:5      | 7241 ||| Stepping randomly (stuck).
  7243 | D:5      | 7243 ||| Stepping randomly (stuck).
  7244 | D:5      | 7244 ||| Stepping randomly (stuck).
  7246 | D:5      | 7246 ||| Stepping randomly (stuck).
  7248 | D:5      | 7248 ||| Stepping randomly (stuck).
  7249 | D:5      | 7249 ||| Stepping randomly (stuck).
  7251 | D:5      | 7251 ||| Stepping randomly (stuck).
  7252 | D:5      | 7252 ||| Stepping randomly (stuck).
  7253 | D:5      | 7253 ||| Stepping randomly (stuck).
  7255 | D:5      | 7255 ||| Stepping randomly (stuck).
  7257 | D:5      | 7257 ||| Stepping randomly (stuck).
  7259 | D:5      | 7259 ||| Stepping randomly (stuck).
  7261 | D:5      | 7261 ||| Stepping randomly (stuck).
  7263 | D:5      | 7263 ||| Stepping randomly (stuck).
  7264 | D:5      | 7264 ||| Stepping randomly (stuck).
  7266 | D:5      | 7266 ||| Stepping randomly (stuck).
  7268 | D:5      | 7268 ||| Stepping randomly (stuck).
  7269 | D:5      | 7269 ||| Stepping randomly (stuck).
  7271 | D:5      | 7271 ||| Stepping randomly (stuck).
  7273 | D:5      | 7273 ||| Stepping randomly (stuck).
  7275 | D:5      | 7275 ||| Stepping randomly (stuck).
  7276 | D:5      | 7276 ||| Stepping randomly (stuck).
  7277 | D:5      | 7277 ||| Stepping randomly (stuck).
  7279 | D:5      | 7279 ||| Stepping randomly (stuck).
  7280 | D:5      | 7280 ||| Stepping randomly (stuck).
  7282 | D:5      | 7282 ||| Stepping randomly (stuck).
  7283 | D:5      | 7283 ||| Stepping randomly (stuck).
  7284 | D:5      | 7284 ||| Stepping randomly (stuck).
  7286 | D:5      | 7286 ||| Stepping randomly (stuck).
  7287 | D:5      | 7287 ||| Stepping randomly (stuck).
  7289 | D:5      | 7289 ||| Stepping randomly (stuck).
  7291 | D:5      | 7291 ||| Stepping randomly (stuck).
  7292 | D:5      | 7292 ||| Stepping randomly (stuck).
  7293 | D:5      | 7293 ||| Stepping randomly (stuck).
  7294 | D:5      | 7294 ||| Stepping randomly (stuck).
  7295 | D:5      | 7295 ||| Stepping randomly (stuck).
  7296 | D:5      | 7296 ||| Stepping randomly (stuck).
  7298 | D:5      | 7298 ||| Stepping randomly (stuck).
  7300 | D:5      | 7300 ||| Stepping randomly (stuck).
  7301 | D:5      | 7301 ||| Stepping randomly (stuck).
  7303 | D:5      | 7303 ||| Stepping randomly (stuck).
  7304 | D:5      | 7304 ||| Stepping randomly (stuck).
  7306 | D:5      | 7306 ||| Stepping randomly (stuck).
  7308 | D:5      | 7308 ||| Stepping randomly (stuck).
  7310 | D:5      | 7310 ||| Stepping randomly (stuck).
  7311 | D:5      | 7311 ||| Stepping randomly (stuck).
  7312 | D:5      | 7312 ||| Stepping randomly (stuck).
  7313 | D:5      | 7313 ||| Stepping randomly (stuck).
  7315 | D:5      | 7315 ||| Stepping randomly (stuck).
  7317 | D:5      | 7317 ||| Stepping randomly (stuck).
  7319 | D:5      | 7319 ||| Stepping randomly (stuck).
  7321 | D:5      | 7321 ||| Stepping randomly (stuck).
  7323 | D:5      | 7323 ||| Stepping randomly (stuck).
  7325 | D:5      | 7325 ||| Stepping randomly (stuck).
  7327 | D:5      | 7327 ||| Stepping randomly (stuck).
  7329 | D:5      | 7329 ||| Stepping randomly (stuck).
  7331 | D:5      | 7331 ||| Stepping randomly (stuck).
  7333 | D:5      | 7333 ||| Stepping randomly (stuck).
  7334 | D:5      | 7334 ||| Stepping randomly (stuck).
  7335 | D:5      | 7335 ||| Stepping randomly (stuck).
  7336 | D:5      | 7336 ||| Stepping randomly (stuck).
  7337 | D:5      | 7337 ||| Stepping randomly (stuck).
  7338 | D:5      | 7338 ||| Stepping randomly (stuck).
  7340 | D:5      | 7340 ||| Stepping randomly (stuck).
  7341 | D:5      | 7341 ||| Stepping randomly (stuck).
  7342 | D:5      | 7342 ||| Stepping randomly (stuck).
  7343 | D:5      | 7343 ||| Stepping randomly (stuck).
  7344 | D:5      | 7344 ||| Stepping randomly (stuck).
  7346 | D:5      | 7346 ||| Stepping randomly (stuck).
  7347 | D:5      | 7347 ||| Stepping randomly (stuck).
  7349 | D:5      | 7349 ||| Stepping randomly (stuck).
  7350 | D:5      | 7350 ||| Stepping randomly (stuck).
  7351 | D:5      | 7351 ||| Stepping randomly (stuck).
  7353 | D:5      | 7353 ||| Stepping randomly (stuck).
  7355 | D:5      | 7355 ||| Stepping randomly (stuck).
  7357 | D:5      | 7357 ||| Stepping randomly (stuck).
  7358 | D:5      | 7358 ||| Stepping randomly (stuck).
  7360 | D:5      | 7360 ||| Stepping randomly (stuck).
  7362 | D:5      | 7362 ||| Stepping randomly (stuck).
  7364 | D:5      | 7364 ||| Stepping randomly (stuck).
  7365 | D:5      | 7365 ||| Stepping randomly (stuck).
  7366 | D:5      | 7366 ||| Stepping randomly (stuck).
  7368 | D:5      | 7368 ||| Stepping randomly (stuck).
  7370 | D:5      | 7370 ||| Stepping randomly (stuck).
  7372 | D:5      | 7372 ||| Stepping randomly (stuck).
  7373 | D:5      | 7373 ||| Stepping randomly (stuck).
  7375 | D:5      | 7375 ||| Stepping randomly (stuck).
  7376 | D:5      | 7376 ||| Stepping randomly (stuck).
  7378 | D:5      | 7378 ||| Stepping randomly (stuck).
  7380 | D:5      | 7380 ||| Stepping randomly (stuck).
  7382 | D:5      | 7382 ||| Stepping randomly (stuck).
  7383 | D:5      | 7383 ||| Stepping randomly (stuck).
  7384 | D:5      | 7384 ||| Stepping randomly (stuck).
  7386 | D:5      | 7386 ||| Stepping randomly (stuck).
  7387 | D:5      | 7387 ||| Stepping randomly (stuck).
  7389 | D:5      | 7389 ||| Stepping randomly (stuck).
  7390 | D:5      | 7390 ||| Stepping randomly (stuck).
  7392 | D:5      | 7392 ||| Stepping randomly (stuck).
  7393 | D:5      | 7393 ||| Stepping randomly (stuck).
  7395 | D:5      | 7395 ||| Stepping randomly (stuck).
  7397 | D:5      | 7397 ||| Stepping randomly (stuck).
  7399 | D:5      | 7399 ||| Stepping randomly (stuck).
  7400 | D:5      | 7400 ||| Stepping randomly (stuck).
  7402 | D:5      | 7402 ||| Stepping randomly (stuck).
  7404 | D:5      | 7404 ||| Stepping randomly (stuck).
  7405 | D:5      | 7405 ||| Stepping randomly (stuck).
  7406 | D:5      | 7406 ||| Stepping randomly (stuck).
  7407 | D:5      | 7407 ||| Stepping randomly (stuck).
  7408 | D:5      | 7408 ||| Stepping randomly (stuck).
  7409 | D:5      | 7409 ||| Stepping randomly (stuck).
  7411 | D:5      | 7411 ||| Stepping randomly (stuck).
  7412 | D:5      | 7412 ||| Stepping randomly (stuck).
  7413 | D:5      | 7413 ||| Stepping randomly (stuck).
  7415 | D:5      | 7415 ||| Stepping randomly (stuck).
  7417 | D:5      | 7417 ||| Stepping randomly (stuck).
  7419 | D:5      | 7419 ||| Stepping randomly (stuck).
  7421 | D:5      | 7421 ||| Stepping randomly (stuck).
  7423 | D:5      | 7423 ||| Stepping randomly (stuck).
  7425 | D:5      | 7425 ||| Stepping randomly (stuck).
  7427 | D:5      | 7427 ||| Stepping randomly (stuck).
  7429 | D:5      | 7429 ||| Stepping randomly (stuck).
  7430 | D:5      | 7430 ||| Stepping randomly (stuck).
  7432 | D:5      | 7432 ||| Stepping randomly (stuck).
  7434 | D:5      | 7434 ||| Stepping randomly (stuck).
  7435 | D:5      | 7435 ||| Stepping randomly (stuck).
  7436 | D:5      | 7436 ||| Stepping randomly (stuck).
  7437 | D:5      | 7437 ||| Stepping randomly (stuck).
  7439 | D:5      | 7439 ||| Stepping randomly (stuck).
  7441 | D:5      | 7441 ||| Stepping randomly (stuck).
  7443 | D:5      | 7443 ||| Stepping randomly (stuck).
  7444 | D:5      | 7444 ||| Stepping randomly (stuck).
  7446 | D:5      | 7446 ||| Stepping randomly (stuck).
  7448 | D:5      | 7448 ||| Stepping randomly (stuck).
  7450 | D:5      | 7450 ||| Stepping randomly (stuck).
  7452 | D:5      | 7452 ||| Stepping randomly (stuck).
  7453 | D:5      | 7453 ||| Stepping randomly (stuck).
  7454 | D:5      | 7454 ||| Stepping randomly (stuck).
  7456 | D:5      | 7456 ||| Stepping randomly (stuck).
  7458 | D:5      | 7458 ||| Stepping randomly (stuck).
  7459 | D:5      | 7459 ||| Stepping randomly (stuck).
  7460 | D:5      | 7460 ||| Stepping randomly (stuck).
  7461 | D:5      | 7461 ||| Stepping randomly (stuck).
  7462 | D:5      | 7462 ||| Stepping randomly (stuck).
  7464 | D:5      | 7464 ||| Stepping randomly (stuck).
  7465 | D:5      | 7465 ||| Stepping randomly (stuck).
  7467 | D:5      | 7467 ||| Stepping randomly (stuck).
  7469 | D:5      | 7469 ||| Stepping randomly (stuck).
  7470 | D:5      | 7470 ||| Stepping randomly (stuck).
  7471 | D:5      | 7471 ||| Stepping randomly (stuck).
  7473 | D:5      | 7473 ||| Stepping randomly (stuck).
  7474 | D:5      | 7474 ||| Stepping randomly (stuck).
  7475 | D:5      | 7475 ||| Stepping randomly (stuck).
  7476 | D:5      | 7476 ||| Stepping randomly (stuck).
  7478 | D:5      | 7478 ||| Stepping randomly (stuck).
  7480 | D:5      | 7480 ||| Stepping randomly (stuck).
  7481 | D:5      | 7481 ||| Stepping randomly (stuck).
  7483 | D:5      | 7483 ||| Stepping randomly (stuck).
  7484 | D:5      | 7484 ||| Stepping randomly (stuck).
  7486 | D:5      | 7486 ||| Stepping randomly (stuck).
  7488 | D:5      | 7488 ||| Stepping randomly (stuck).
  7490 | D:5      | 7490 ||| Stepping randomly (stuck).
  7491 | D:5      | 7491 ||| Stepping randomly (stuck).
  7492 | D:5      | 7492 ||| Stepping randomly (stuck).
  7494 | D:5      | 7494 ||| Stepping randomly (stuck).
  7495 | D:5      | 7495 ||| Stepping randomly (stuck).
  7497 | D:5      | 7497 ||| Stepping randomly (stuck).
  7498 | D:5      | 7498 ||| Stepping randomly (stuck).
  7499 | D:5      | 7499 ||| Stepping randomly (stuck).
  7500 | D:5      | 7500 ||| Stepping randomly (stuck).
  7502 | D:5      | 7502 ||| Stepping randomly (stuck).
  7503 | D:5      | 7503 ||| Stepping randomly (stuck).
  7504 | D:5      | 7504 ||| Stepping randomly (stuck).
  7505 | D:5      | 7505 ||| Stepping randomly (stuck).
  7507 | D:5      | 7507 ||| Stepping randomly (stuck).
  7509 | D:5      | 7509 ||| Stepping randomly (stuck).
  7511 | D:5      | 7511 ||| Stepping randomly (stuck).
  7513 | D:5      | 7513 ||| Stepping randomly (stuck).
  7514 | D:5      | 7514 ||| Stepping randomly (stuck).
  7515 | D:5      | 7515 ||| Stepping randomly (stuck).
  7516 | D:5      | 7516 ||| Stepping randomly (stuck).
  7517 | D:5      | 7517 ||| Stepping randomly (stuck).
  7518 | D:5      | 7518 ||| Stepping randomly (stuck).
  7519 | D:5      | 7519 ||| Stepping randomly (stuck).
  7521 | D:5      | 7521 ||| Stepping randomly (stuck).
  7523 | D:5      | 7523 ||| Stepping randomly (stuck).
  7524 | D:5      | 7524 ||| Stepping randomly (stuck).
  7525 | D:5      | 7525 ||| Stepping randomly (stuck).
  7527 | D:5      | 7527 ||| Stepping randomly (stuck).
  7529 | D:5      | 7529 ||| Stepping randomly (stuck).
  7531 | D:5      | 7531 ||| Stepping randomly (stuck).
  7533 | D:5      | 7533 ||| Stepping randomly (stuck).
  7534 | D:5      | 7534 ||| Stepping randomly (stuck).
  7536 | D:5      | 7536 ||| Stepping randomly (stuck).
  7538 | D:5      | 7538 ||| Stepping randomly (stuck).
  7540 | D:5      | 7540 ||| Stepping randomly (stuck).
  7542 | D:5      | 7542 ||| Stepping randomly (stuck).
  7544 | D:5      | 7544 ||| Stepping randomly (stuck).
  7546 | D:5      | 7546 ||| Stepping randomly (stuck).
  7547 | D:5      | 7547 ||| Stepping randomly (stuck).
  7548 | D:5      | 7548 ||| Stepping randomly (stuck).
  7549 | D:5      | 7549 ||| Stepping randomly (stuck).
  7550 | D:5      | 7550 ||| Stepping randomly (stuck).
  7551 | D:5      | 7551 ||| Stepping randomly (stuck).
  7553 | D:5      | 7553 ||| Stepping randomly (stuck).
  7554 | D:5      | 7554 ||| Stepping randomly (stuck).
  7555 | D:5      | 7555 ||| Stepping randomly (stuck).
  7556 | D:5      | 7556 ||| Stepping randomly (stuck).
  7558 | D:5      | 7558 ||| Stepping randomly (stuck).
  7560 | D:5      | 7560 ||| Stepping randomly (stuck).
  7561 | D:5      | 7561 ||| Stepping randomly (stuck).
  7562 | D:5      | 7562 ||| Stepping randomly (stuck).
  7564 | D:5      | 7564 ||| Stepping randomly (stuck).
  7565 | D:5      | 7565 ||| Stepping randomly (stuck).
  7567 | D:5      | 7567 ||| Stepping randomly (stuck).
  7569 | D:5      | 7569 ||| Stepping randomly (stuck).
  7570 | D:5      | 7570 ||| Stepping randomly (stuck).
  7571 | D:5      | 7571 ||| Stepping randomly (stuck).
  7573 | D:5      | 7573 ||| Stepping randomly (stuck).
  7574 | D:5      | 7574 ||| Stepping randomly (stuck).
  7576 | D:5      | 7576 ||| Stepping randomly (stuck).
  7577 | D:5      | 7577 ||| Stepping randomly (stuck).
  7579 | D:5      | 7579 ||| Stepping randomly (stuck).
  7581 | D:5      | 7581 ||| Stepping randomly (stuck).
  7582 | D:5      | 7582 ||| Stepping randomly (stuck).
  7583 | D:5      | 7583 ||| Stepping randomly (stuck).
  7585 | D:5      | 7585 ||| Stepping randomly (stuck).
  7587 | D:5      | 7587 ||| Stepping randomly (stuck).
  7589 | D:5      | 7589 ||| Stepping randomly (stuck).
  7591 | D:5      | 7591 ||| Stepping randomly (stuck).
  7593 | D:5      | 7593 ||| Stepping randomly (stuck).
  7595 | D:5      | 7595 ||| Stepping randomly (stuck).
  7597 | D:5      | 7597 ||| Stepping randomly (stuck).
  7599 | D:5      | 7599 ||| Stepping randomly (stuck).
  7601 | D:5      | 7601 ||| Stepping randomly (stuck).
  7603 | D:5      | 7603 ||| Stepping randomly (stuck).
  7604 | D:5      | 7604 ||| Stepping randomly (stuck).
  7605 | D:5      | 7605 ||| Stepping randomly (stuck).
  7607 | D:5      | 7607 ||| Stepping randomly (stuck).
  7609 | D:5      | 7609 ||| Stepping randomly (stuck).
  7611 | D:5      | 7611 ||| Stepping randomly (stuck).
  7612 | D:5      | 7612 ||| Stepping randomly (stuck).
  7613 | D:5      | 7613 ||| Stepping randomly (stuck).
  7615 | D:5      | 7615 ||| Stepping randomly (stuck).
  7616 | D:5      | 7616 ||| Stepping randomly (stuck).
  7617 | D:5      | 7617 ||| Stepping randomly (stuck).
  7618 | D:5      | 7618 ||| Stepping randomly (stuck).
  7619 | D:5      | 7619 ||| Stepping randomly (stuck).
  7620 | D:5      | 7620 ||| Stepping randomly (stuck).
  7621 | D:5      | 7621 ||| Stepping randomly (stuck).
  7622 | D:5      | 7622 ||| Stepping randomly (stuck).
  7623 | D:5      | 7623 ||| Stepping randomly (stuck).
  7624 | D:5      | 7624 ||| Stepping randomly (stuck).
  7626 | D:5      | 7626 ||| Stepping randomly (stuck).
  7628 | D:5      | 7628 ||| Stepping randomly (stuck).
  7629 | D:5      | 7629 ||| Stepping randomly (stuck).
  7631 | D:5      | 7631 ||| Stepping randomly (stuck).
  7633 | D:5      | 7633 ||| Stepping randomly (stuck).
  7635 | D:5      | 7635 ||| Stepping randomly (stuck).
  7637 | D:5      | 7637 ||| Stepping randomly (stuck).
  7639 | D:5      | 7639 ||| Stepping randomly (stuck).
  7641 | D:5      | 7641 ||| Stepping randomly (stuck).
  7643 | D:5      | 7643 ||| Stepping randomly (stuck).
  7645 | D:5      | 7645 ||| Stepping randomly (stuck).
  7647 | D:5      | 7647 ||| Stepping randomly (stuck).
  7648 | D:5      | 7648 ||| Stepping randomly (stuck).
  7649 | D:5      | 7649 ||| Stepping randomly (stuck).
  7650 | D:5      | 7650 ||| Stepping randomly (stuck).
  7651 | D:5      | 7651 ||| Stepping randomly (stuck).
  7652 | D:5      | 7652 ||| Stepping randomly (stuck).
  7653 | D:5      | 7653 ||| Stepping randomly (stuck).
  7654 | D:5      | 7654 ||| Stepping randomly (stuck).
  7656 | D:5      | 7656 ||| Stepping randomly (stuck).
  7658 | D:5      | 7658 ||| Stepping randomly (stuck).
  7659 | D:5      | 7659 ||| Stepping randomly (stuck).
  7661 | D:5      | 7661 ||| Stepping randomly (stuck).
  7662 | D:5      | 7662 ||| Stepping randomly (stuck).
  7663 | D:5      | 7663 ||| Stepping randomly (stuck).
  7665 | D:5      | 7665 ||| Stepping randomly (stuck).
  7667 | D:5      | 7667 ||| Stepping randomly (stuck).
  7669 | D:5      | 7669 ||| Stepping randomly (stuck).
  7670 | D:5      | 7670 ||| Stepping randomly (stuck).
  7671 | D:5      | 7671 ||| Stepping randomly (stuck).
  7672 | D:5      | 7672 ||| Stepping randomly (stuck).
  7673 | D:5      | 7673 ||| Stepping randomly (stuck).
  7674 | D:5      | 7674 ||| Stepping randomly (stuck).
  7676 | D:5      | 7676 ||| Stepping randomly (stuck).
  7678 | D:5      | 7678 ||| Stepping randomly (stuck).
  7680 | D:5      | 7680 ||| Stepping randomly (stuck).
  7681 | D:5      | 7681 ||| Stepping randomly (stuck).
  7683 | D:5      | 7683 ||| Stepping randomly (stuck).
  7685 | D:5      | 7685 ||| Stepping randomly (stuck).
  7687 | D:5      | 7687 ||| Stepping randomly (stuck).
  7689 | D:5      | 7689 ||| Stepping randomly (stuck).
  7691 | D:5      | 7691 ||| Stepping randomly (stuck).
  7693 | D:5      | 7693 ||| Stepping randomly (stuck).
  7694 | D:5      | 7694 ||| Stepping randomly (stuck).
  7695 | D:5      | 7695 ||| Stepping randomly (stuck).
  7697 | D:5      | 7697 ||| Stepping randomly (stuck).
  7699 | D:5      | 7699 ||| Stepping randomly (stuck).
  7700 | D:5      | 7700 ||| Stepping randomly (stuck).
  7701 | D:5      | 7701 ||| Stepping randomly (stuck).
  7703 | D:5      | 7703 ||| Stepping randomly (stuck).
  7705 | D:5      | 7705 ||| Stepping randomly (stuck).
  7707 | D:5      | 7707 ||| Stepping randomly (stuck).
  7709 | D:5      | 7709 ||| Stepping randomly (stuck).
  7711 | D:5      | 7711 ||| Stepping randomly (stuck).
  7713 | D:5      | 7713 ||| Stepping randomly (stuck).
  7715 | D:5      | 7715 ||| Stepping randomly (stuck).
  7716 | D:5      | 7716 ||| Stepping randomly (stuck).
  7717 | D:5      | 7717 ||| Stepping randomly (stuck).
  7718 | D:5      | 7718 ||| Stepping randomly (stuck).
  7719 | D:5      | 7719 ||| Stepping randomly (stuck).
  7721 | D:5      | 7721 ||| Stepping randomly (stuck).
  7723 | D:5      | 7723 ||| Stepping randomly (stuck).
  7724 | D:5      | 7724 ||| Stepping randomly (stuck).
  7725 | D:5      | 7725 ||| Stepping randomly (stuck).
  7727 | D:5      | 7727 ||| Stepping randomly (stuck).
  7729 | D:5      | 7729 ||| Stepping randomly (stuck).
  7730 | D:5      | 7730 ||| Stepping randomly (stuck).
  7731 | D:5      | 7731 ||| Stepping randomly (stuck).
  7732 | D:5      | 7732 ||| Stepping randomly (stuck).
  7734 | D:5      | 7734 ||| Stepping randomly (stuck).
  7735 | D:5      | 7735 ||| Stepping randomly (stuck).
  7737 | D:5      | 7737 ||| Stepping randomly (stuck).
  7738 | D:5      | 7738 ||| Stepping randomly (stuck).
  7739 | D:5      | 7739 ||| Stepping randomly (stuck).
  7741 | D:5      | 7741 ||| Stepping randomly (stuck).
  7742 | D:5      | 7742 ||| Stepping randomly (stuck).
  7744 | D:5      | 7744 ||| Stepping randomly (stuck).
  7745 | D:5      | 7745 ||| Stepping randomly (stuck).
  7747 | D:5      | 7747 ||| Stepping randomly (stuck).
  7749 | D:5      | 7749 ||| Stepping randomly (stuck).
  7751 | D:5      | 7751 ||| Stepping randomly (stuck).
  7753 | D:5      | 7753 ||| Stepping randomly (stuck).
  7754 | D:5      | 7754 ||| Stepping randomly (stuck).
  7755 | D:5      | 7755 ||| Stepping randomly (stuck).
  7757 | D:5      | 7757 ||| Stepping randomly (stuck).
  7758 | D:5      | 7758 ||| Stepping randomly (stuck).
  7759 | D:5      | 7759 ||| Stepping randomly (stuck).
  7760 | D:5      | 7760 ||| Stepping randomly (stuck).
  7762 | D:5      | 7762 ||| Stepping randomly (stuck).
  7764 | D:5      | 7764 ||| Stepping randomly (stuck).
  7765 | D:5      | 7765 ||| Stepping randomly (stuck).
  7766 | D:5      | 7766 ||| Stepping randomly (stuck).
  7767 | D:5      | 7767 ||| Stepping randomly (stuck).
  7769 | D:5      | 7769 ||| Stepping randomly (stuck).
  7770 | D:5      | 7770 ||| Stepping randomly (stuck).
  7772 | D:5      | 7772 ||| Stepping randomly (stuck).
  7773 | D:5      | 7773 ||| Stepping randomly (stuck).
  7774 | D:5      | 7774 ||| Stepping randomly (stuck).
  7775 | D:5      | 7775 ||| Stepping randomly (stuck).
  7777 | D:5      | 7777 ||| Stepping randomly (stuck).
  7778 | D:5      | 7778 ||| Stepping randomly (stuck).
  7780 | D:5      | 7780 ||| Stepping randomly (stuck).
  7782 | D:5      | 7782 ||| Stepping randomly (stuck).
  7783 | D:5      | 7783 ||| Stepping randomly (stuck).
  7784 | D:5      | 7784 ||| Stepping randomly (stuck).
  7786 | D:5      | 7786 ||| Stepping randomly (stuck).
  7787 | D:5      | 7787 ||| Stepping randomly (stuck).
  7789 | D:5      | 7789 ||| Stepping randomly (stuck).
  7791 | D:5      | 7791 ||| Stepping randomly (stuck).
  7792 | D:5      | 7792 ||| Stepping randomly (stuck).
  7793 | D:5      | 7793 ||| Stepping randomly (stuck).
  7794 | D:5      | 7794 ||| Stepping randomly (stuck).
  7796 | D:5      | 7796 ||| Stepping randomly (stuck).
  7798 | D:5      | 7798 ||| Stepping randomly (stuck).
  7799 | D:5      | 7799 ||| Stepping randomly (stuck).
  7801 | D:5      | 7801 ||| Stepping randomly (stuck).
  7802 | D:5      | 7802 ||| Stepping randomly (stuck).
  7803 | D:5      | 7803 ||| Stepping randomly (stuck).
  7804 | D:5      | 7804 ||| Stepping randomly (stuck).
  7805 | D:5      | 7805 ||| Stepping randomly (stuck).
  7807 | D:5      | 7807 ||| Stepping randomly (stuck).
  7809 | D:5      | 7809 ||| Stepping randomly (stuck).
  7811 | D:5      | 7811 ||| Stepping randomly (stuck).
  7813 | D:5      | 7813 ||| Stepping randomly (stuck).
  7814 | D:5      | 7814 ||| Stepping randomly (stuck).
  7815 | D:5      | 7815 ||| Stepping randomly (stuck).
  7817 | D:5      | 7817 ||| Stepping randomly (stuck).
  7818 | D:5      | 7818 ||| Stepping randomly (stuck).
  7820 | D:5      | 7820 ||| Stepping randomly (stuck).
  7822 | D:5      | 7822 ||| Stepping randomly (stuck).
  7824 | D:5      | 7824 ||| Stepping randomly (stuck).
  7826 | D:5      | 7826 ||| Stepping randomly (stuck).
  7828 | D:5      | 7828 ||| Stepping randomly (stuck).
  7830 | D:5      | 7830 ||| Stepping randomly (stuck).
  7831 | D:5      | 7831 ||| Stepping randomly (stuck).
  7832 | D:5      | 7832 ||| Stepping randomly (stuck).
  7833 | D:5      | 7833 ||| Stepping randomly (stuck).
  7834 | D:5      | 7834 ||| Stepping randomly (stuck).
  7835 | D:5      | 7835 ||| Stepping randomly (stuck).
  7836 | D:5      | 7836 ||| Stepping randomly (stuck).
  7837 | D:5      | 7837 ||| Stepping randomly (stuck).
  7838 | D:5      | 7838 ||| Stepping randomly (stuck).
  7840 | D:5      | 7840 ||| Stepping randomly (stuck).
  7842 | D:5      | 7842 ||| Stepping randomly (stuck).
  7844 | D:5      | 7844 ||| Stepping randomly (stuck).
  7845 | D:5      | 7845 ||| Stepping randomly (stuck).
  7846 | D:5      | 7846 ||| Stepping randomly (stuck).
  7847 | D:5      | 7847 ||| Stepping randomly (stuck).
  7848 | D:5      | 7848 ||| Stepping randomly (stuck).
  7850 | D:5      | 7850 ||| Stepping randomly (stuck).
  7851 | D:5      | 7851 ||| Stepping randomly (stuck).
  7852 | D:5      | 7852 ||| Stepping randomly (stuck).
  7853 | D:5      | 7853 ||| Stepping randomly (stuck).
  7855 | D:5      | 7855 ||| Stepping randomly (stuck).
  7857 | D:5      | 7857 ||| Stepping randomly (stuck).
  7859 | D:5      | 7859 ||| Stepping randomly (stuck).
  7861 | D:5      | 7861 ||| Stepping randomly (stuck).
  7862 | D:5      | 7862 ||| Stepping randomly (stuck).
  7864 | D:5      | 7864 ||| Stepping randomly (stuck).
  7866 | D:5      | 7866 ||| Stepping randomly (stuck).
  7867 | D:5      | 7867 ||| Stepping randomly (stuck).
  7869 | D:5      | 7869 ||| Stepping randomly (stuck).
  7871 | D:5      | 7871 ||| Stepping randomly (stuck).
  7872 | D:5      | 7872 ||| Stepping randomly (stuck).
  7874 | D:5      | 7874 ||| Stepping randomly (stuck).
  7875 | D:5      | 7875 ||| Stepping randomly (stuck).
  7876 | D:5      | 7876 ||| Stepping randomly (stuck).
  7878 | D:5      | 7878 ||| Stepping randomly (stuck).
  7880 | D:5      | 7880 ||| Stepping randomly (stuck).
  7881 | D:5      | 7881 ||| Stepping randomly (stuck).
  7883 | D:5      | 7883 ||| Stepping randomly (stuck).
  7885 | D:5      | 7885 ||| Stepping randomly (stuck).
  7886 | D:5      | 7886 ||| Stepping randomly (stuck).
  7887 | D:5      | 7887 ||| Stepping randomly (stuck).
  7889 | D:5      | 7889 ||| Stepping randomly (stuck).
  7890 | D:5      | 7890 ||| Stepping randomly (stuck).
  7892 | D:5      | 7892 ||| Stepping randomly (stuck).
  7893 | D:5      | 7893 ||| Stepping randomly (stuck).
  7894 | D:5      | 7894 ||| Stepping randomly (stuck).
  7896 | D:5      | 7896 ||| Stepping randomly (stuck).
  7897 | D:5      | 7897 ||| Stepping randomly (stuck).
  7898 | D:5      | 7898 ||| Stepping randomly (stuck).
  7899 | D:5      | 7899 ||| Stepping randomly (stuck).
  7900 | D:5      | 7900 ||| Stepping randomly (stuck).
  7902 | D:5      | 7902 ||| Stepping randomly (stuck).
  7904 | D:5      | 7904 ||| Stepping randomly (stuck).
  7905 | D:5      | 7905 ||| Stepping randomly (stuck).
  7906 | D:5      | 7906 ||| Stepping randomly (stuck).
  7908 | D:5      | 7908 ||| Stepping randomly (stuck).
  7910 | D:5      | 7910 ||| Stepping randomly (stuck).
  7912 | D:5      | 7912 ||| Stepping randomly (stuck).
  7914 | D:5      | 7914 ||| Stepping randomly (stuck).
  7916 | D:5      | 7916 ||| Stepping randomly (stuck).
  7918 | D:5      | 7918 ||| Stepping randomly (stuck).
  7919 | D:5      | 7919 ||| Stepping randomly (stuck).
  7920 | D:5      | 7920 ||| Stepping randomly (stuck).
  7922 | D:5      | 7922 ||| Stepping randomly (stuck).
  7924 | D:5      | 7924 ||| Stepping randomly (stuck).
  7926 | D:5      | 7926 ||| Stepping randomly (stuck).
  7927 | D:5      | 7927 ||| Stepping randomly (stuck).
  7929 | D:5      | 7929 ||| Stepping randomly (stuck).
  7930 | D:5      | 7930 ||| Stepping randomly (stuck).
  7932 | D:5      | 7932 ||| Stepping randomly (stuck).
  7934 | D:5      | 7934 ||| Stepping randomly (stuck).
  7936 | D:5      | 7936 ||| Stepping randomly (stuck).
  7938 | D:5      | 7938 ||| Stepping randomly (stuck).
  7940 | D:5      | 7940 ||| Stepping randomly (stuck).
  7942 | D:5      | 7942 ||| Stepping randomly (stuck).
  7944 | D:5      | 7944 ||| Stepping randomly (stuck).
  7946 | D:5      | 7946 ||| Stepping randomly (stuck).
  7948 | D:5      | 7948 ||| Stepping randomly (stuck).
  7950 | D:5      | 7950 ||| Stepping randomly (stuck).
  7951 | D:5      | 7951 ||| Stepping randomly (stuck).
  7953 | D:5      | 7953 ||| Stepping randomly (stuck).
  7955 | D:5      | 7955 ||| Stepping randomly (stuck).
  7956 | D:5      | 7956 ||| Stepping randomly (stuck).
  7957 | D:5      | 7957 ||| Stepping randomly (stuck).
  7958 | D:5      | 7958 ||| Stepping randomly (stuck).
  7960 | D:5      | 7960 ||| Stepping randomly (stuck).
  7962 | D:5      | 7962 ||| Stepping randomly (stuck).
  7964 | D:5      | 7964 ||| Stepping randomly (stuck).
  7966 | D:5      | 7966 ||| Stepping randomly (stuck).
  7967 | D:5      | 7967 ||| Stepping randomly (stuck).
  7968 | D:5      | 7968 ||| Stepping randomly (stuck).
  7969 | D:5      | 7969 ||| Stepping randomly (stuck).
  7971 | D:5      | 7971 ||| Stepping randomly (stuck).
  7973 | D:5      | 7973 ||| Stepping randomly (stuck).
  7975 | D:5      | 7975 ||| Stepping randomly (stuck).
  7977 | D:5      | 7977 ||| Stepping randomly (stuck).
  7978 | D:5      | 7978 ||| Stepping randomly (stuck).
  7979 | D:5      | 7979 ||| Stepping randomly (stuck).
  7981 | D:5      | 7981 ||| Stepping randomly (stuck).
  7983 | D:5      | 7983 ||| Stepping randomly (stuck).
  7985 | D:5      | 7985 ||| Stepping randomly (stuck).
  7987 | D:5      | 7987 ||| Stepping randomly (stuck).
  7989 | D:5      | 7989 ||| Stepping randomly (stuck).
  7991 | D:5      | 7991 ||| Stepping randomly (stuck).
  7993 | D:5      | 7993 ||| Stepping randomly (stuck).
  7994 | D:5      | 7994 ||| Stepping randomly (stuck).
  7996 | D:5      | 7996 ||| Stepping randomly (stuck).
  7998 | D:5      | 7998 ||| Stepping randomly (stuck).
  7999 | D:5      | 7999 ||| Stepping randomly (stuck).
  8001 | D:5      | 8001 ||| Stepping randomly (stuck).
  8003 | D:5      | 8003 ||| Stepping randomly (stuck).
  8004 | D:5      | 8004 ||| Stepping randomly (stuck).
  8006 | D:5      | 8006 ||| Stepping randomly (stuck).
  8007 | D:5      | 8007 ||| Stepping randomly (stuck).
  8008 | D:5      | 8008 ||| Stepping randomly (stuck).
  8010 | D:5      | 8010 ||| Stepping randomly (stuck).
  8011 | D:5      | 8011 ||| Stepping randomly (stuck).
  8013 | D:5      | 8013 ||| Stepping randomly (stuck).
  8015 | D:5      | 8015 ||| Stepping randomly (stuck).
  8016 | D:5      | 8016 ||| Stepping randomly (stuck).
  8017 | D:5      | 8017 ||| Stepping randomly (stuck).
  8018 | D:5      | 8018 ||| Stepping randomly (stuck).
  8020 | D:5      | 8020 ||| Stepping randomly (stuck).
  8022 | D:5      | 8022 ||| Stepping randomly (stuck).
  8023 | D:5      | 8023 ||| Stepping randomly (stuck).
  8024 | D:5      | 8024 ||| Stepping randomly (stuck).
  8025 | D:5      | 8025 ||| Stepping randomly (stuck).
  8027 | D:5      | 8027 ||| Stepping randomly (stuck).
  8029 | D:5      | 8029 ||| Stepping randomly (stuck).
  8030 | D:5      | 8030 ||| Stepping randomly (stuck).
  8031 | D:5      | 8031 ||| Stepping randomly (stuck).
  8032 | D:5      | 8032 ||| Stepping randomly (stuck).
  8034 | D:5      | 8034 ||| Stepping randomly (stuck).
  8036 | D:5      | 8036 ||| Stepping randomly (stuck).
  8037 | D:5      | 8037 ||| Stepping randomly (stuck).
  8038 | D:5      | 8038 ||| Stepping randomly (stuck).
  8040 | D:5      | 8040 ||| Stepping randomly (stuck).
  8041 | D:5      | 8041 ||| Stepping randomly (stuck).
  8043 | D:5      | 8043 ||| Stepping randomly (stuck).
  8045 | D:5      | 8045 ||| Stepping randomly (stuck).
  8047 | D:5      | 8047 ||| Stepping randomly (stuck).
  8048 | D:5      | 8048 ||| Stepping randomly (stuck).
  8049 | D:5      | 8049 ||| Stepping randomly (stuck).
  8050 | D:5      | 8050 ||| Stepping randomly (stuck).
  8051 | D:5      | 8051 ||| Stepping randomly (stuck).
  8052 | D:5      | 8052 ||| Stepping randomly (stuck).
  8054 | D:5      | 8054 ||| Stepping randomly (stuck).
  8056 | D:5      | 8056 ||| Stepping randomly (stuck).
  8058 | D:5      | 8058 ||| Stepping randomly (stuck).
  8059 | D:5      | 8059 ||| Stepping randomly (stuck).
  8061 | D:5      | Quit the game

Levels and vault maps discovered:
D:1:      ncdulo_wetmaze, layout_basic
D:2:      layout_loops_ring, basic_altar, cheibrodos_gnoll_hut, uniq_natasha,
          uniq_crazy_yiuf_cottage
D:3:      layout_basic, lemuel_crystal_altar, nicolae_grassy_gnolls
D:4:      layout_basic
D:5:      layout_rooms, mainiacjoe_overflow_catch_the_wave, serial_corexii_hall,
          corexii_hall_statues_l, corexii_hall_statues_u, corexii_checkpoint_a,
          hangedman_decor_riveting, minmay_puff, uniq_duvessa

Skill      XL: |  1  2  3  4  5  6  7  8  9 |
---------------+----------------------------+-----
Axes           | 4 5 6 8 9 |  9.2
Armour         | 1 2 |  2.4
Throwing       | 1 2 |  2.0
Dodging        | 1 |  1.0
Fighting       | 4 6 |  6.1
Shields        | 1 |  1.3
Spellcasting   | |  1.1
Fire Magic     | |  3.0

Action                   |  1- 3 |  4- 6 |  7- 9 || total
-------------------------+-------+-------+-------++-------
Melee: Hand axe          |    57 |   127 |   122 ||   306
       Punch             |       |     1 |     2 ||     3
       War axe           |       |       |    41 ||    41
Throw: Javelin           |       |    32 |    44 ||    76
       Boomerang         |       |       |     2 ||     2
Invok: Fiery Armour      |     2 |     4 |     2 ||     8
  Use: Scroll            |     1 |     2 |     7 ||    10
       Potion            |       |       |     1 ||     1
Armor: Robe              |     5 |       |       ||     5
       Scale mail        |     3 |    59 |    64 ||   126
       Chain mail        |       |       |     1 ||     1
Dodge: Dodged            |    26 |    75 |    95 ||   196

Table legend:
 A = Non-vault XP
 B = Vault XP
 C = Vault XP percentage of total XP
 D = Non-vault monster count
 E = Vault monster count
 F = Vault count percentage of total count
                 A         B        C        D         E       F
            +---------+---------+-------+---------+---------+-------
      Total |    2014 |     137 |   6.4 |     111 |       8 |   6.7
            +---------+---------+-------+---------+---------+-------
        D:1 |      38 |       0 |   0.0 |      21 |       0 |   0.0
        D:2 |     163 |      54 |  24.9 |      27 |       4 |  12.9
        D:3 |     275 |      83 |  23.2 |      28 |       4 |  12.5
        D:4 |     571 |       0 |   0.0 |      13 |       0 |   0.0
        D:5 |     967 |       0 |   0.0 |      22 |       0 |   0.0
            +---------+---------+-------+---------+---------+-------
